 Dungeon Crawl Stone Soup version 0.25.1-2-g60ff931df9 (webtiles) character file.

Game seed: 14694797492513352077

284 Cykl0x the Shield-Bearer (level 6, -6/48 HPs)
             Began as a Formicid Fighter on Oct 1, 2020.
             Engulfed by Ijyb's flame (22 damage)
             ... on level 3 of the Dungeon.
             The game lasted 00:09:30 (4154 turns).

Cykl0x the Shield-Bearer (Formicid Fighter)         Turns: 4154, Time: 00:09:31

Health: -6/48      AC: 10    Str: 22    XL:     6   Next: 55%
Magic:  0/6        EV:  8    Int:  8    God:
Gold:   63         SH: 10    Dex: 10    Spells: 5/5 levels left

rFire    . . .     SeeInvis +   a - +0 long sword
rCold    + . .     Gourm    .   c - +0 kite shield
rNeg     . . .     Faith    .   b - +0 scale mail
rPois    .         Spirit   +   (helmet unavailable)
rElec    .         Reflect  .   o - +2 cloak {rCorr}
rCorr    +         Harm     .   (no gloves)
MR       .....                  (no boots)
Stlth    ..........             l - amulet of guardian spirit
HPRegen  0.16/turn              p - ring of protection from cold
MPRegen  0.10/turn              (no ring)

@: no status effects
A: permanent stasis, dig shafts and tunnels, four strong arms, antennae 3
a: Dig, Shaft Self


You were on level 3 of the Dungeon.
You were not hungry.

You visited 1 branch of the dungeon, and saw 3 of its levels.

You collected 63 gold pieces.

Inventory:

Hand Weapons
 a - a +0 long sword (weapon)
Missiles
 i - 158 stones (quivered)
Armour
 b - a +0 scale mail (worn)
 c - a +0 kite shield (worn)
 o - a +2 cloak of preservation (worn)
Jewellery
 l - an amulet of guardian spirit (around neck)
 p - a ring of protection from cold (left hand)
Scrolls
 h - a scroll of amnesia
 m - a scroll of remove curse
Potions
 d - a potion of might
 e - a potion of lignification {unknown}
 g - a potion of heal wounds
 j - 2 potions of curing
 n - a potion of invisibility {unknown}
 q - 2 potions of flight {unknown}
Comestibles
 f - 5 rations


   Skills:
 + Level 3.8 Fighting
 + Level 3.7 Long Blades
 + Level 1.7 Throwing
 + Level 4.4 Armour
 + Level 0.9 Dodging
 + Level 5.1 Shields


You had 5 spell levels left.
You didn't know any spells.
Your spell library was empty.

Dungeon Overview and Level Annotations

Branches:
Dungeon (3/15)

Altars:
Ru

Annotations:
D:3 Ijyb


Innate Abilities, Weirdness & Mutations

You cannot be hasted, slowed, berserked, paralysed or teleported.
You can dig through walls and to a lower floor.
Your four strong arms can wield two-handed weapons with a shield.
You have a pair of large antennae on your head. (SInv)


Message History

m - a scroll of remove curse
As you read the scroll labeled NAKAEKU ZOFAU, it crumbles to dust.
It is a scroll of enchant armour.
Your +1 cloak of preservation glows green for a moment.
Ijyb the Twisted Goblin comes into view.
She is carrying a wand of clouds (8).
Ijyb shouts!
You hit Ijyb but do no damage. You block Ijyb's attack.
You barely miss Ijyb. Ijyb barely misses you. Ijyb hits you.
You hit Ijyb but do no damage.
Ijyb zaps a wand.
Ijyb creates a blast of flame!
You hit Ijyb.
Ijyb is lightly wounded.
You are engulfed in blazing flames.
You block Ijyb's attack.
You hit Ijyb.
Ijyb is moderately wounded.
You are engulfed in blazing flames.
Ijyb zaps a wand.
Ijyb creates a blast of poison gas!
You hit Ijyb but do no damage.
Ijyb is moderately wounded.
You are engulfed in blazing flames.
You die...

#.#.#.#.#..#.##.#.#
#.#.#.#.#..#....#.#
#.#.#.#.#..#....#.#
#.#.#.#.#..#....#>#
#.#รท#.#.#..#..###.#
#.#.#)#.#..#......#
#.....#.#..#...####
#######.####.#.#####
#............#.#@g.#
#######.######.#.#.#
.................#.#
######.#######.###.#
#.# ###.....# #.#
#.....### #.#
#.###.# #)# #.# #.#
#.# #.# #.#


You could see Ijyb.

Vanquished Creatures
  A bullfrog (D:3)
  A hound (D:3)
  Crazy Yiuf (D:2)
  6 adders
  3 oozes
  2 worms (D:3)
  2 dart slugs (D:2)
  A leopard gecko (D:3)
  2 orcs (D:3)
  3 giant cockroaches
  9 goblins
  9 hobgoblins
  8 jackals
  A ball python (D:3)
  12 bats
  2 frilled lizards
  12 kobolds
  A quokka skeleton (D:3)
  7 rats
83 creatures vanquished.

Notes
Turn   | Place    | Note
-------+----------+-------------------------------------------
     0 | D:1      | Cykl0x the Formicid Fighter began the quest for the Orb.
     0 | D:1      | Reached XP level 1. HP: 18/18 MP: 1/1
    36 | D:1      | Reached XP level 2. HP: 14/24 MP: 2/2
   457 | D:1      | Reached skill level 4 in Shields
   461 | D:1      | Reached XP level 3. HP: 29/29 MP: 3/3
  1342 | D:2      | Reached XP level 4. HP: 35/35 MP: 4/4
  1556 | D:2      | Reached skill level 1 in Throwing
  1616 | D:2      | Found a runed translucent door.
  1617 | D:2      | Noticed Crazy Yiuf
  1632 | D:2      | Killed Crazy Yiuf
  1632 | D:2      | Reached XP level 5. HP: 20/41 MP: 5/5
  2043 | D:2      | Found a sacrificial altar of Ru.
  3214 | D:3      | Noticed a bullfrog
  3230 | D:3      | Killed a bullfrog
  3230 | D:3      | Reached skill level 5 in Shields
  3230 | D:3      | Reached XP level 6. HP: 21/48 MP: 2/6
  4148 | D:3      | Noticed Ijyb
  4154 | D:3      | Engulfed by Ijyb's flame

Illustrated notes

Levels and vault maps discovered:
D:1:      dpeg_arrival_connections, layout_basic
D:2:      layout_loops_ring, minmay_misc_feat_nine_boxes,
          minmay_misc_feat_ornament, nicolae_ru_sacrificial_ziggurat,
          uniq_crazy_yiuf_cottage
D:3:      layout_basic, uniq_ijyb

Skill      XL: |  1  2  3  4  5 |
---------------+----------------+-----
Shields        | 4 5 |  5.1
Throwing       | 1 |  1.7
Armour         | 4 |  4.4
Long Blades    | 3 |  3.7
Fighting       | |  3.8
Dodging        | |  0.9

Action                   |  1- 3 |  4- 6 || total
-------------------------+-------+-------++-------
Melee: Long sword        |    90 |   182 ||   272
Throw: Stone             |    40 |    97 ||   137
 Abil: Dig               |     1 |       ||     1
  Use: Scroll            |     5 |     5 ||    10
  Eat: Chunk             |     2 |     9 ||    11
Armor: Scale mail        |    36 |    86 ||   122
Dodge: Dodged            |    39 |    52 ||    91
Block: Kite shield       |    57 |    93 ||   150
       Rpst.: Long sword |    18 |    16 ||    34
